 Dungeon Crawl Stone Soup version 0.27-a0-1177-g245c70e1c0 (webtiles) character file.

Game seed: 13564798717938717979

118 freelancePsychic the Stinger (level 5, -2/31 HPs)
             Began as an Octopode Venom Mage on May 16, 2021.
             Killed from afar by an orc wizard (9 damage)
             ... with a magic dart
             ... on level 3 of the Dungeon.
             The game lasted 00:09:18 (4255 turns).

freelancePsychic the Stinger (Octopode Venom Mage)  Turns: 4255, Time: 00:09:18

Health: -2/31      AC:  1    Str: 11 (13) XL:     5   Next: 2%
Magic:  6/8        EV: 13    Int: 15 (18) God:
Gold:   75         SH:  0    Dex: 12 (13) Spells: 2/8 levels left

rFire    . . .     SeeInvis .   (no weapon)
rCold    . . .     Faith    .   (no shield)
rNeg     . . .     Spirit   .   (helmet restricted)
rPois    .         Reflect  .   (no amulet)
rElec    .         Harm     .   b - +6 ring of strength
rCorr    .         Rampage  .   (no ring)
Will     .....                  (no ring)
Stlth    ++........             (no ring)
HPRegen  0.10/turn              (no ring)
MPRegen  0.11/turn              (no ring)
                                (no ring)
                                (no ring)

@: confused
A: almost no armour, amphibious, 8 rings, camouflage 1, gelatinous body 1,
(nimble swimmer 1), tentacles
a: no special abilities


You were on level 3 of the Dungeon.
You visited 1 branch of the dungeon, and saw 3 of its levels.

You collected 127 gold pieces.
You spent 52 gold pieces at shops.

Inventory:

Missiles
 h - 2 throwing nets
Armour
 e - a +0 tower shield
Jewellery
 b - a +6 ring of strength (left tentacle)
 f - an amulet of guardian spirit
Scrolls
 a - a scroll of noise
 c - a scroll of teleportation {@r4}
 g - a scroll of amnesia
Potions
 d - a potion of degeneration


   Skills:
 - Level 2.9 Dodging
 + Level 4.3 Stealth
 + Level 2.0 Spellcasting
 - Level 1.0 Transmutations
 - Level 2.0 Fire Magic
 + Level 4.5 Poison Magic


You had 2 spell levels left.
You knew the following spells:

 Your Spells              Type           Power      Damage    Failure   Level
a - Sting                 Tmut/Pois      36%        1d4       7%          1
b - Poisonous Vapours     Pois/Air       16%        N/A       13%         2
c - Ignite Poison         Fire/Tmut/Pois 9%         N/A       24%         3

Your spell library contained the following spells:

 Spells                   Type           Power      Damage    Failure   Level
 Mephitic Cloud           Conj/Pois/Air  6%         N/A       34%         3
 Olgreb's Toxic Radiance  Pois           15%        N/A       34%         4
 Confusing Touch          Hex            1%         N/A       54%         3
 Gell's Gravitas          Tloc           0%         N/A       54%         3
 Petrify                  Tmut/Erth      3%         N/A       87%         4
 Metabolic Englaciation   Hex/Ice        0%         N/A       99%         5
 Yara's Violent Unravell  Hex/Tmut       1%         3d3       99%         5


Dungeon Overview and Level Annotations

Branches:
Dungeon (3/15)

Altars:
Nemelex Xobeh

Shops:
D:2 *

Annotations:
D:2 1 runed translucent door, Crazy Yiuf
D:3 exclusions: 2 orcs and 2 orc wizards


Innate Abilities, Weirdness & Mutations

You cannot wear most types of armour.
You are amphibious.
You can wear up to eight rings at the same time.
Your skin changes colour to match your surroundings (Stealth+).
Your rubbery body absorbs attacks. (AC +1, EV +1)
((You are camouflaged near water. (Stealth+)))
You have tentacles for arms and can constrict up to eight enemies at once.


Message History

You are confused.
You bump into the rock wall.
Your magical contamination has completely faded away.
You hear some strange, mumbled words.
A puff of flame appears from out of thin air!
The puff of flame hits you.
A magic dart appears from out of thin air!
The magic dart hits you!
You feel less confused.
Casting: Poisonous Vapours (safe; 11% risk of failure)
Confirm with . or Enter, or press ? or * to list all spells.
Aiming: Poisonous Vapours (safe; 11% risk of failure)
Press: ? - help, Dir - move target You see nothing there to target!
Casting: Poisonous Vapours (safe; 11% risk of failure)
Confirm with . or Enter, or press ? or * to list all spells.
Aiming: Poisonous Vapours (safe; 11% risk of failure)
Press: ? - help, Dir - move target You see nothing there to target!
Casting: Poisonous Vapours (safe; 11% risk of failure)
Confirm with . or Enter, or press ? or * to list all spells.
Aiming: Sting (safe; 6% risk of failure)
Press: ? - help, Shift-Dir - straight line The sting hits something.
You hear some strange, mumbled words.
You are confused.
A magic dart appears from out of thin air!
The magic dart hits you.
You bump into the rock wall.
It was a potion of degeneration.
There was something very wrong with that liquid.
You feel weakened.
You feel dopey.
You feel clumsy. Something hits you.
You hear some strange, mumbled words.
A magic dart appears from out of thin air!
The magic dart hits you.
* * * LOW HITPOINT WARNING * * *
A magic dart appears from out of thin air!
The magic dart hits you!
You die...

#........# #........# ######
#...###.## ....... ##..# #.#
........# #..###.##
........##### ##.......
...........########..##.##
......................#.#
######......@..########..#.#
#..............#<.....#..#.#
#............{.######'#..#.#
#..........)...........#.#.#
#......###########.....#...#
#....(.# ######.....#...#
#......#### #.........##...#
. #.........#
#.........##.#.# ...
#.........# #.........##.#.#


There were no monsters in sight!

Vanquished Creatures
  4 adders
  A worm (D:3)
  3 dart slugs (D:1)
  4 orcs (D:3)
  6 ball pythons
  6 endoplasms
  3 giant cockroaches
  6 hobgoblins
  7 jackals
  4 kobolds
  4 quokkas (D:2)
  5 bats
  2 frilled lizards (D:1)
  4 goblins
  2 rats
61 creatures vanquished.

Notes
Turn   | Place    | Note
-------+----------+-------------------------------------------
     0 | D:1      | freelancePsychic the Octopode Venom Mage began the quest
                  | for the Orb.
     0 | D:1      | Reached XP level 1. HP: 11/11 MP: 3/3
   267 | D:1      | Found a faded altar of an unknown god.
   407 | D:1      | Reached XP level 2. HP: 17/17 MP: 1/5
   754 | D:1      | Learned a level 2 spell: Poisonous Vapours
  1058 | D:1      | Reached skill level 1 in Fire Magic
  1128 | D:1      | Reached XP level 3. HP: 21/21 MP: 1/6
  1252 | D:1      | Learned a level 3 spell: Ignite Poison
  2198 | D:2      | Found a sparkling altar of Nemelex Xobeh.
  2432 | D:2      | Reached XP level 4. HP: 27/27 MP: 2/7
  2792 | D:2      | Found Yczuamy's Assorted Antiques.
  2840 | D:2      | Bought a scroll labelled GOVOGI JIG VOU for 26 gold pieces
  2840 | D:2      | Bought a scroll labelled QOQAENL WEGIWN for 26 gold pieces
  2999 | D:2      | Found a runed translucent door.
  3000 | D:2      | Noticed Crazy Yiuf
  4103 | D:3      | Reached XP level 5. HP: 31/31 MP: 1/8
  4255 | D:3      | Killed from afar by an orc wizard

Illustrated notes

Levels and vault maps discovered:
D:1:      matt_arrival_grand_opening, layout_basic,
          hellmonk_ecumenical_altar_slurped_away
D:2:      layout_rooms, basic_altar, serial_shops,
          nicolae_shop_overgrown_old_shop, uniq_crazy_yiuf_cottage
D:3:      layout_basic, serial_shops, shop

Skill      XL: |  1  2  3  4 |
---------------+-------------+-----
Stealth        | 3 4 |  4.3
Fire Magic     | 1 2 |  2.0
Poison Magic   | 4 |  4.5
Dodging        | |  2.9
Spellcasting   | |  2.0
Transmutations | |  1.0

Action                   |  1- 3 |  4- 6 || total
-------------------------+-------+-------++-------
Melee: Unarmed           |    13 |    15 ||    28
       Constrict         |     3 |     2 ||     5
       Tentacles         |       |     3 ||     3
 Cast: Sting             |    19 |     8 ||    27
       Poisonous Vapours |    37 |    33 ||    70
  Use: Scroll            |     5 |     3 ||     8
       Potion            |       |     1 ||     1
 Stab: Sleeping          |       |     2 ||     2
Dodge: Dodged            |    12 |     7 ||    19

Table legend: (Time is in decaauts)
 A = Elapsed time spent in this place.
 B = Non-inter-level travel time spent in this place.
 C = Inter-level travel time spent in this place.
 D = Time resting spent in this place.
 E = Time spent auto-exploring this place.
 F = Levels seen in this place.
 G = Mean time per level.
                   A        B        C        D        E       F      G
               +--------+--------+--------+--------+--------+-----+--------+
         Total |   4257 |   4167 |     90 |    468 |   3120 |   3 | 1419.0 |
       Dungeon |   4257 |   4167 |     90 |    468 |   3120 |   3 | 1419.0 |
               +--------+--------+--------+--------+--------+-----+--------+

Top non-repeatable levels by time:
     D:1: 1939 daAuts
     D:2: 1208 daAuts
     D:3: 1109 daAuts
